 Dungeon Crawl Stone Soup version 0.30.0-29-ga12c61a403 (webtiles) character file.

Game seed: 17515744303586234729

817 DildoBatman the Conjurer (level 8, -2/60 HPs)
             Began as a Formicid Conjurer on June 14, 2023.
             Was an Initiate of Kikubaaqudgha.
             Slain by a gnoll
             ... wielding a +0 spear
              (3 damage)
             ... on level 4 of the Dungeon.
             The game lasted 00:13:06 (4697 turns).

DildoBatman the Conjurer (Formicid Conjurer)        Turns: 4697, Time: 00:13:07

Health: -2/60      AC:  6    Str: 11    XL:     8   Next: 16%
Magic:  3/14       EV: 12    Int: 27    God:    Kikubaaqudgha [......]
Gold:   120        SH:  0    Dex: 12    Spells: 12/15 levels left

rFire   . . .        b - staff of air "Labloff" {rElec Will++ Int+6}
rCold   . . .        (no shield)
rNeg    + . .        v - +3 leather armour
rPois   .            (helmet unavailable)
rElec   +            x - scarf {harm}
rCorr   +            (no gloves)
SInv    +            (no boots)
Will    ++...        (no amulet)
Stlth   ++           d - ring of resist corrosion
HPRegen 0.30/turn    g - ring of positive energy
MPRegen 0.14/turn

%: harm (+30% outgoing, +20% incoming)
@: no status effects
A: permanent stasis, dig shafts and tunnels, antennae 3, four strong arms
a: Dig, Shaft Self, Renounce Religion


You were on level 4 of the Dungeon.
You worshipped Kikubaaqudgha.
Kikubaaqudgha was noncommittal.
You visited 2 branches of the dungeon, and saw 6 of its levels.

You collected 281 gold pieces.
You spent 161 gold pieces at shops.

Inventory:

Hand Weapons
 a - a +4 dagger
Missiles
 s - 4 boomerangs
 t - 4 javelins
 u - 12 poisoned darts
 A - a curare-tipped dart
Armour
 v - a +3 leather armour (worn)
 x - a scarf of harm (worn)
Magical Staves
 b - the staff of air "Labloff" (weapon) {rElec Will++ Int+6}
   (You found it on level 2 of the Dungeon)

   [staff of air]

   Base accuracy: +5 Base damage: 5 Base attack delay: 1.2 This weapon's minimum
   attack delay (0.6) is reached at skill level 12.
   Int:       It affects your intelligence (+6).
   rElec:     It insulates you from electricity.
   Will:      It greatly increases your willpower.
   It falls into the 'Staves' category.
   It is a weapon for one hand-pair.
 w - a staff of poison
Jewellery
 d - a ring of resist corrosion (left hand)
 g - a ring of positive energy (right hand)
 y - a ring of fire
Scrolls
 h - 3 scrolls of torment
 i - a scroll of enchant armour {unknown}
 j - 3 scrolls of poison
 k - 2 scrolls of enchant weapon {unknown}
 l - a scroll of fear {unknown}
 n - a scroll of fog {unknown}
 o - a scroll of noise {unknown}
 z - a scroll of identify
Potions
 c - 2 potions of resistance {unknown}
 e - 2 potions of curing {unknown}
 f - 2 potions of lignification {unknown}
 m - a potion of heal wounds {unknown}
 p - a potion of magic
 q - 5 potions of flight {unknown}
 r - 2 potions of haste


   Skills:
 * Level 4.1 Fighting
 * Level 4.2 Armour
 - Level 3.0 Dodging
 - Level 3.0 Stealth
 * Level 4.4 Spellcasting
 * Level 5.1 Conjurations


You had 12 spell levels left.
You knew the following spells:

 Your Spells              Type           Power      Damage    Failure   Level
a - Searing Ray           Conj           66%        2d6       1%          2
c - Magic Dart            Conj           100%       1d8       1%          1

Your spell library contained the following spells:

 Spells                   Type           Power      Damage    Failure   Level
 Dazzling Flash           Conj/Hex       38%        N/A       10%         3
 Portal Projectile        Hex/Tloc       12%        N/A       28%         3
 Tukima's Dance           Hex            6%         N/A       28%         3
 Fulminant Prism          Conj/Hex       9%         3d7       32%         4
 Iskenderun's Mystic Bla  Conj/Tloc      19%        2d6       32%         4
 Blade Hands              Tmut           3%         N/A       95%         5


Dungeon Overview and Level Annotations

Branches:
Dungeon (5/15)             Temple (1/1) D:5

Altars:
Elyvilon
Fedhas
Gozag
Hepliaklqana
Kikubaaqudgha
Nemelex Xobeh
Okawaru
Sif Muna
Wu Jian
Xom
The Shining One

Shops:
D:2 ?   D:3 *

Annotations:
D:2 Terence
D:3 3 exclusions
D:4 Pikel
D:5 Dowan, Duvessa


Innate Abilities, Weirdness & Mutations

You cannot be hasted, slowed, berserked, paralysed or teleported.
You can dig through walls and to a lower floor.
You have a pair of large antennae on your head. (SInv)
Your four strong arms can wield two-handed weapons with a shield.


Message History

Aiming: Searing Ray (safe; 1% risk of failure)
Press: ? - help, Shift-Dir - straight line The searing ray hits Pikel!
Pikel is heavily wounded.
The searing ray hits the gnoll!
The gnoll is severely wounded. (Press . to maintain the ray.) Pikel zaps a wand.
You resist with almost no effort.
The searing ray hits Pikel.
Pikel is heavily wounded.
The searing ray hits the gnoll.
The gnoll is heavily wounded.
The kobold closely misses you.
Pikel hits you with a +0 whip of freezing.
Pikel freezes you.
The searing ray hits Pikel but does no damage.
Pikel is heavily wounded.
The searing ray hits the gnoll.
You kill the gnoll!
Kikubaaqudgha accepts your kill. Pikel barely misses you.
The kobold hits you with a +0 club.
The searing ray misses Pikel.
You finish channelling your searing ray.
Pikel hits you but does no damage.
The gnoll hits you from afar with a +0 spear.
The kobold barely misses you.
Are you sure you want to shaft yourself?
Pikel zaps a wand.
Your mind is blasted!
The gnoll hits you from afar with a +0 spear!
The kobold hits you but does no damage.
You begin to dig a shaft.
You continue digging a shaft.
Pikel hits you with a +0 whip of freezing.
Pikel freezes you.
The gnoll hits you from afar with a +0 spear.
You die...
Kikubaaqudgha rasps: "You have failed me!
Welcome... death!"

K......>##............[.##
..........#............###
.............##...##
##........##..#..# {
#....g..†.##.....# ..##
#.....).........##
.....##.......g........#
...#.........###KK......##
.#.......K...###@....†###
.......#......##......#
.......##.#...........#
......###.#.##..........
#......#..####......#....
#.......... #............
..<...###.)...........###
#.....#....†..$.#...###
..#...........{###.##


You could see Pikel, 2 gnolls and a kobold.

Vanquished Creatures
  A water moccasin (D:5)
  An ogre (D:5)
  2 lemures
  A kobold brigand (D:4)
  2 scorpions
  A jelly (D:5)
  2 orc priests (D:5)
  4 hounds (D:5)
  A gnoll bouda (D:5)
  6 gnolls
  3 adders
  A white imp (D:5)
  A worm (D:2)
  4 dart slugs
  8 orcs (D:5)
  4 bats
  5 endoplasms
  5 giant cockroaches
  7 goblins
  5 hobgoblins
  2 quokkas (D:1)
  7 ball pythons
  7 frilled lizards
  12 kobolds
  5 rats
97 creatures vanquished.

Notes
Turn   | Place    | Note
-------+----------+-------------------------------------------
     0 | D:1      | DildoBatman the Formicid Conjurer began the quest for the
                  | Orb.
     0 | D:1      | Reached XP level 1. HP: 13/13 MP: 3/3
   272 | D:1      | Reached XP level 2. HP: 14/20 MP: 0/5
   275 | D:1      | Learned a level 2 spell: Searing Ray
  1048 | D:2      | Reached XP level 3. HP: 25/25 MP: 0/6
  1144 | D:2      | Reached skill level 1 in Fighting
  1144 | D:2      | Reached skill level 1 in Armour
  1371 | D:2      | Reached XP level 4. HP: 32/32 MP: 5/7
  1455 | D:2      | Identified the staff of air "Labloff" {rElec Will++ Int+6}
  1509 | D:2      | Found Xacheh's Magic Scroll Shoppe.
  1518 | D:2      | Bought a scroll of identify for 26 gold pieces
  1519 | D:2      | Bought a scroll of identify for 26 gold pieces
  1709 | D:3      | Found Erimuo's Assorted Antiques.
  1712 | D:3      | Bought a scroll labelled YTECZU FOETWAY for 24 gold pieces
  1712 | D:3      | Bought a fuming yellow potion for 21 gold pieces
  1712 | D:3      | Bought 2 fuming yellow potions for 43 gold pieces
  1712 | D:3      | Bought a puce potion for 21 gold pieces
  1845 | D:3      | Noticed Terence
  1918 | D:3      | Found a hazy altar of Hepliaklqana.
  2576 | D:4      | Reached skill level 4 in Conjurations
  2656 | D:4      | Noticed Pikel
  2656 | D:4      | Noticed a lemure
  2656 | D:4      | Noticed a lemure
  2656 | D:4      | Noticed a lemure
  2656 | D:4      | Noticed a lemure
  2666 | D:3      | Killed a lemure
  2762 | D:3      | You fall into a shaft and drop 2 floors!
  2762 | D:5      | Entered Level 5 of the Dungeon
  2822 | D:5      | Reached XP level 5. HP: 22/38 MP: 3/9
  3233 | D:5      | Noticed a water moccasin
  3417 | D:5      | Reached XP level 6. HP: 44/44 MP: 2/10
  3803 | D:5      | Found a staircase to the Ecumenical Temple.
  3815 | Temple   | Entered the Ecumenical Temple
  3867 | Temple   | Became a worshipper of Kikubaaqudgha
  3911 | D:4      | Reached XP level 7. HP: 39/52 MP: 3/12
  4091 | D:5      | Noticed Duvessa
  4437 | D:5      | Killed a water moccasin
  4438 | D:5      | Reached skill level 5 in Conjurations
  4438 | D:5      | Reached XP level 8. HP: 39/60 MP: 0/14
  4494 | D:5      | Noticed Dowan
  4697 | D:4      | HP: 2/60 [Pikel/+0 whip of freezing (3)]
  4697 | D:4      | Slain by a gnoll

Illustrated notes

Levels and vault maps discovered:
D:1:      minmay_arrival_radiant_lines, layout_basic, serial_co_window_serial,
          co_window_of_opportunity_a, co_window_corner_a, co_window_paths_b,
          co_window_paths_a, co_window_paths_a, co_window_paths_a,
          co_window_corner_cb, co_window_paths_c, co_window_corner_b,
          co_window_unsneaky_path_d, co_window_paths_c
D:2:      layout_rooms, serial_shops, shop, minmay_octomino_e4
D:3:      layout_basic, mainiacjoe_overflow_cross_hatched, serial_shops,
          nicolae_shop_behind_doors, lexackson_kobold_supper, uniq_terence
D:4:      layout_cave_pools, grunt_temple_overflow_open, uniq_pikel
D:5:      layout_loops_cross, minmay_temple_entry_glassed_door,
          kennysheep_generic_room_10, uniq_duvessa
Temple:   nicolae_temple_ecumenical_triangle

Skill      XL: |  1  2  3  4  5  6  7  8 |
---------------+-------------------------+-----
Dodging        | 2 3 |  3.0
Fighting       | 1 2 3 4 |  4.1
Armour         | 1 2 3 4 |  4.2
Stealth        | 3 |  3.0
Conjurations   | 4 5 |  5.1
Spellcasting   | 3 4 |  4.4

Action                     |  1- 3 |  4- 6 |  7- 9 || total
---------------------------+-------+-------+-------++-------
  Melee: Spear             |    32 |     3 |       ||    35
         Staff             |       |    13 |     6 ||    19
         Dagger            |       |    12 |     7 ||    19
   Cast: Magic Dart        |    25 |    38 |    11 ||    74
         Searing Ray       |     4 |    25 |    16 ||    45
Ability: Shaft Self        |       |     1 |     1 ||     2
    Use: Scroll            |       |     3 |       ||     3
   Stab: Sleeping          |     3 |     2 |       ||     5
 Armour: Robe              |     9 |    11 |       ||    20
         Leather armour    |       |     8 |    12 ||    20
  Dodge: Dodged            |    17 |    51 |    29 ||    97
